 Dungeon Crawl Stone Soup version 0.30.1-5-ged363bc7ee (webtiles) character file.

Game seed: 5216266547923412678

473 Psyclone the Firebug (level 6, -3/32 HPs)
             Began as a Deep Elf Fire Elementalist on Sept 19, 2023.
             Was an Initiate of Vehumet.
             Slain by Duvessa
             ... wielding a +0 short sword
              (10 damage)
             ... on level 4 of the Dungeon.
             The game lasted 00:12:17 (4571 turns).

Psyclone the Firebug (Deep Elf Fire Elementalist)   Turns: 4571, Time: 00:12:18

Health: -3/32      AC:  4    Str:  5    XL:     6   Next: 83%
Magic:  7/14       EV: 12    Int: 22    God:    Vehumet [......]
Gold:   133        SH:  0    Dex: 15    Spells: 5/13 levels left

rFire   . . .        i - staff of conjuration
rCold   . . .        (no shield)
rNeg    . . .        n - +0 robe
rPois   .            (no helmet)
rElec   .            l - +0 cloak
rCorr   .            f - +0 pair of gloves
SInv    +            (no boots)
Will    +....        (no amulet)
Stlth   ++           g - ring of see invisible
HPRegen 0.25/turn    s - ring of willpower
MPRegen 0.14/turn

%: no passive effects
@: no status effects
A: no striking features
a: Renounce Religion


You were on level 4 of the Dungeon.
You worshipped Vehumet.
Vehumet was noncommittal.
You visited 1 branch of the dungeon, and saw 4 of its levels.

You collected 133 gold pieces.

Inventory:

Hand Weapons
 a - a +2 dagger of flaming
 b - the +2 mace "Goung" {heavy, Str+7}
   (You found it on level 3 of the Dungeon)

   Str:       It affects your strength (+7).
Missiles
 m - 6 poisoned darts
 t - a throwing net {!f}
Armour
 f - a +0 pair of gloves (worn)
 l - a +0 cloak (worn)
 n - a +0 robe (worn)
Magical Staves
 i - a staff of conjuration (weapon)
Jewellery
 g - a ring of see invisible (left hand)
 k - a ring of positive energy
 s - a ring of willpower (right hand)
Wands
 c - a wand of quicksilver (4)
Scrolls
 d - 2 scrolls of magic mapping
 h - 3 scrolls of teleportation
 j - 2 scrolls of torment
 q - a scroll of immolation
 u - a scroll of blinking {unknown}
Potions
 e - 3 potions of heal wounds
 o - 2 potions of lignification {unknown}
 r - a potion of attraction {unknown}


   Skills:
 - Level 2.4 Dodging
 - Level 2.4 Stealth
 - Level 4.0 Spellcasting
 - Level 1.1 Conjurations
 - Level 4.0 Hexes
 + Level 3.7 Translocations
 - Level 6.2 Fire Magic


You had 5 spell levels left.
You knew the following spells:

 Your Spells              Type           Power      Damage    Failure   Level
a - Foxfire               Conj/Fire      100%       2x1d9     2%          1
b - Scorch                Fire           64%        2d8       1%          2
e - Inner Flame           Hex/Fire       27%        N/A       4%          3
q - Blink                 Tloc           40%        N/A       3%          2

Your spell library contained the following spells:

 Spells                   Type           Power      Damage    Failure   Level
 Lesser Beckoning         Tloc           40%        N/A       3%          2
 Volatile Blastmotes      Fire/Tloc      52%        2d14      4%          3
 Momentum Strike          Conj/Tloc      44%        3d9       6%          2
 Flame Wave               Conj/Fire      30%        2d9       24%         4


Dungeon Overview and Level Annotations

Branches:
Dungeon (4/15) Zot: 19420
 Temple: D:4-7

Altars:
Dithmenos
Fedhas
Hepliaklqana
Makhleb
Nemelex Xobeh
Qazlal
Vehumet
Wu Jian
Xom
Zin

Shops:
D:3 :

Annotations:
D:3 exclusion: downstairs
D:4 Duvessa


Message History

Dowan is almost dead.
The foxfire hits Duvessa but does no damage.
Duvessa is severely wounded.
Dowan hits you with a +2 dagger of protection.
Duvessa hits you with a +0 short sword.
You take 3 damage, and have 16/32 hp.
You now have 11/14 mp.
Casting: Foxfire (safe; 2% risk of failure)
Confirm with . or Enter, or press ? or * to list all spells.
You feel a surge of power!
You conjure some foxfire!
The foxfire hits Duvessa.
Duvessa is severely wounded.
The foxfire hits Duvessa.
Duvessa is almost dead.
Dowan says, "My weaknesses are her strengths!"
Dowan points at you and mumbles some strange words.
The puff of flame hits you. Duvessa closely misses you.
You take 1 damage, and have 15/32 hp.
You now have 10/14 mp.
Casting: Foxfire (safe; 2% risk of failure)
Confirm with . or Enter, or press ? or * to list all spells.
You feel a surge of power!
You conjure some foxfire!
The foxfire hits Dowan.
Dowan is almost dead.
The foxfire hits Duvessa.
Duvessa is almost dead.
Dowan closely misses you.
Duvessa says, "When magic and the sword combine, nothing stands against them."
Duvessa hits you with a +0 short sword!
* * * LOW HITPOINT WARNING * * *
You take 8 damage, and have 7/32 hp.
MASSIVE DAMAGE!!
You now have 9/14 mp.
Casting: Foxfire (safe; 2% risk of failure)
Confirm with . or Enter, or press ? or * to list all spells.
Flames lash Dowan.
Dowan is burned terribly!
You kill Dowan!
Vehumet accepts your kill.
Duvessa screams, "No!
How DARE you!"
Duvessa goes berserk!
The foxfire hits Duvessa but does no damage.
Duvessa is almost dead.
The foxfire hits Duvessa but does no damage.
Duvessa is almost dead.
Duvessa hits you with a +0 short sword!
You die...

# #.###########.#.#..≈≈.≈≈...#
######...........#.#....≈...≈.#.#
........................≈.8.≈....
...................#.............
..############....§#[######...#.#
.....###....................#.#..
.......#.######..#.#.########.###
.....#.#.......§...#.............
.)...#.########)@e.......#....#.#
.....#.#..........######.#.##.#.#
.............###..######.#..#.#..
####)#.#.#....<..........#..#.###
####.#.#.#.#..#(.........#.##....
.....#.#.#.##......#####.........
######.#.#.####..#.........##....
#........#.# #............##.#..
#........#.# #.##...#####.##.#..


You could see Duvessa (berserk).

Vanquished Creatures
  Menkaure (D:4)
  A black bear (D:4)
  Dowan (D:4)
  A jelly (D:4)
  A hound (D:4)
  Natasha (thrice) (D:2)
  5 adders
  2 worms
  3 dart slugs
  6 orcs (D:4)
  3 ball pythons
  4 endoplasms
  3 giant cockroaches
  7 goblins
  7 hobgoblins
  7 kobolds
  4 quokkas
  4 bats
  2 frilled lizards
  6 rats
71 creatures vanquished.

Vanquished Creatures (others)
  313 foxfires
313 creatures vanquished.

Grand Total: 384 creatures vanquished

Notes
Turn   | Place    | Note
-------+----------+-------------------------------------------
     0 | D:1      | Psyclone the Deep Elf Fire Elementalist began the quest for
                  | the Orb.
     0 | D:1      | Reached XP level 1. HP: 10/10 MP: 6/6
   438 | D:1      | Reached skill level 4 in Fire Magic
   438 | D:1      | Reached XP level 2. HP: 15/15 MP: 5/8
   575 | D:1      | Learned a level 2 spell: Scorch
  1194 | D:2      | Found a radiant altar of Vehumet.
  1248 | D:2      | Reached XP level 3. HP: 19/19 MP: 3/9
  1248 | D:2      | Noticed Natasha
  1251 | D:2      | Killed Natasha
  1252 | D:2      | Reached skill level 5 in Fire Magic
  1278 | D:2      | Noticed Natasha
  1282 | D:2      | Killed Natasha
  1283 | D:2      | Reached XP level 4. HP: 24/24 MP: 0/10
  1572 | D:2      | Noticed Natasha
  1582 | D:2      | Killed Natasha
  1583 | D:2      | Reached skill level 6 in Fire Magic
  2215 | D:3      | Learned a level 2 spell: Blink
  2219 | D:3      | Learned a level 3 spell: Inner Flame
  2325 | D:3      | Reached XP level 5. HP: 28/28 MP: 6/11
  2535 | D:3      | Identified the +2 mace "Goung" {heavy, Str+7}
  2874 | D:3      | Found Hueribb's Book Shoppe.
  2981 | D:4      | Reached skill level 1 in Hexes
  3022 | D:4      | Found a shimmering altar of Xom.
  3023 | D:4      | Found a shadowy altar of Dithmenos.
  3064 | D:4      | Reached skill level 1 in Translocations
  3076 | D:4      | Found a stormy altar of Qazlal.
  3156 | D:4      | Found an ornate altar of the Wu Jian Council.
  3156 | D:4      | Found a burning altar of Makhleb.
  3157 | D:4      | Found a sparkling altar of Nemelex Xobeh.
  3157 | D:4      | Found a blossoming altar of Fedhas.
  3158 | D:4      | Found a hazy altar of Hepliaklqana.
  3224 | D:2      | Became a worshipper of Vehumet
  3338 | D:4      | Noticed Dowan
  3344 | D:4      | Noticed Duvessa
  3348 | D:4      | Noticed a black bear
  3366 | D:4      | HP: 1/28 [Duvessa/+0 short sword (3)]
  3493 | D:4      | Found a glowing silver altar of Zin.
  3520 | D:4      | Killed a black bear
  3521 | D:4      | Reached XP level 6. HP: 32/32 MP: 8/14
  3945 | D:4      | Noticed Menkaure
  3953 | D:4      | Killed Menkaure
  4571 | D:4      | Killed Dowan
  4571 | D:4      | Slain by Duvessa

Illustrated notes

Levels and vault maps discovered:
D:1:      lightli_arrival_boilingwater, layout_loops_corners, item_on_display_a
D:2:      layout_basic, basic_altar, uniq_natasha
D:3:      layout_rooms, serial_shops, nicolae_lakefront_shop
D:4:      layout_basic, grunt_temple_overflow_open, mainiacjoe_overflow_catwalk,
          uniq_duvessa, uniq_menkaure

Skill      XL: |  1  2  3  4  5  6 |
---------------+-------------------+-----
Fire Magic     | 4 5 6 |  6.2
Hexes          | 2 4 |  4.0
Translocations | 2 3 |  3.7
Spellcasting   | 4 |  4.0
Dodging        | |  2.4
Stealth        | |  2.4
Conjurations   | |  1.1

Action                     |  1- 3 |  4- 6 || total
---------------------------+-------+-------++-------
  Melee: Dagger            |     4 |    10 ||    14
         Staff             |       |     2 ||     2
   Cast: Foxfire           |    36 |   162 ||   198
         Scorch            |     8 |     6 ||    14
    Use: Scroll            |     1 |     4 ||     5
         Potion            |       |     3 ||     3
   Stab: Sleeping          |       |     1 ||     1
 Armour: Robe              |       |    11 ||    11
  Dodge: Dodged            |     4 |    37 ||    41
